 Dungeon Crawl Stone Soup version 0.27.1-34-g3ba077fa99 (webtiles) character file.

Game seed: 10224955928423210533

16 zeram the Shield-Bearer (level 2, -2/18 HPs)
             Began as a Deep Elf Fighter on Jan 4, 2022.
             Slain by a hobgoblin (4 damage)
             ... on level 1 of the Dungeon.
             The game lasted 00:00:55 (587 turns).

zeram the Shield-Bearer (Deep Elf Fighter)           Turns: 587, Time: 00:00:56

Health: -2/18      AC:  6    Str: 13    XL:     2   Next: 37%
Magic:  4/4        EV:  6    Int: 12    God:
Gold:   18         SH:  8    Dex: 14    Spells: 1/1 levels left

rFire    . . .     SeeInvis .   a - +0 rapier
rCold    . . .     Faith    .   c - +0 kite shield
rNeg     . . .     Spirit   .   b - +0 scale mail
rPois    .         Reflect  .   (no helmet)
rElec    .         Harm     .   (no cloak)
rCorr    .         Rampage  .   (no gloves)
Will     .....                  (no boots)
Stlth    ..........             (no amulet)
HPRegen  0.06/turn              (no ring)
MPRegen  0.09/turn              (no ring)

@: no status effects
A: no striking features
a: no special abilities


You were on level 1 of the Dungeon.
You visited 1 branch of the dungeon, and saw 1 of its levels.

You collected 18 gold pieces.

Inventory:

Hand Weapons
 a - a +0 rapier (weapon)
Armour
 b - a +0 scale mail (worn)
 c - a +0 kite shield (worn)
Scrolls
 e - a scroll of teleportation {unknown}
Potions
 d - a potion of might


   Skills:
 - Level 2.4 Fighting
 - Level 2.0 Short Blades
 - Level 2.6 Armour
 + Level 3.0 Shields


You had one spell level left.
You didn't know any spells.
Your spell library was empty.

Dungeon Overview and Level Annotations

Branches:
Dungeon (1/15)

Altars:


Message History

The ball python closely misses you. x2; You block the kobold's attack.
The hobgoblin hits you but does no damage.
You are too injured to fight recklessly!
You are too injured to fight recklessly!
You are too injured to fight recklessly!
You are too injured to fight recklessly!
You hit the ball python.
The ball python is severely wounded.
The ball python bites you but does no damage.
You block the ball python's attack.
The ball python bites you but does no damage.
The ball python grabs you. The ball python constricts you.
The kobold hits you but does no damage. The hobgoblin hits you.
* * * LOW HITPOINT WARNING * * *
You escape the ball python's grasp.
You barely miss the kobold. You block the kobold's attack.
You closely miss the kobold. You block the kobold's attack. x2
You barely miss the kobold. The kobold hits you but does no damage.
You hit the kobold.
You kill the kobold!
You block the ball python's attack. The ball python grabs you.
The ball python constricts you.
You puncture the ball python!
You kill the ball python!
The hobgoblin hits you.
* * * LOW HITPOINT WARNING * * *
You barely miss the hobgoblin. The hobgoblin hits you.
* * * LOW HITPOINT WARNING * * *
You hit the hobgoblin but do no damage. You block the hobgoblin's attack.
You hit the hobgoblin.
The hobgoblin is lightly wounded.
You block the hobgoblin's attack.
The hobgoblin hits you but does no damage.
You closely miss the hobgoblin.
The hobgoblin is lightly wounded.
The hobgoblin barely misses you.
You closely miss the hobgoblin.
The hobgoblin is lightly wounded.
The hobgoblin hits you.
You die...

..[.# #..
?...##.. ..P....
♣..#.# ♣....#
♣♣....#
.♣...#.### ######
.P........#######
#....#
...$.......g@...#
#.##.#
..(..###..#####.#
#.##.# ##### #..#
#.# #.##.# #..#
#.# #.##.# #..#
#.# #.##.# #..#
#.# #.##.# #..#
#.# #.##.# #..#
#.# #.##.#
#.#####.##.#


You could see a hobgoblin.

Vanquished Creatures
  2 bats (D:1)
  An endoplasm (D:1)
  5 hobgoblins (D:1)
  A ball python (D:1)
  3 kobolds (D:1)
  2 rats (D:1)
14 creatures vanquished.

Notes
Turn   | Place    | Note
-------+----------+-------------------------------------------
     0 | D:1      | zeram the Deep Elf Fighter began the quest for the Orb.
     0 | D:1      | Reached XP level 1. HP: 13/13 MP: 3/3
    99 | D:1      | Reached XP level 2. HP: 7/18 MP: 4/4
   571 | D:1      | Reached skill level 3 in Shields
   587 | D:1      | Slain by a hobgoblin

Illustrated notes

Levels and vault maps discovered:
D:1:      wander_arrival_peaceful_grave, layout_loops_ring,
          dreamdust_ecumenical_altar_grove, chequers_serial_rivers_micro_c

Skill      XL: |  1  2 |
---------------+-------+-----
Shields        | 3 |  3.0
Fighting       | |  2.4
Short Blades   | |  2.0
Armour         | |  2.6

Action                   || total
-------------------------++-------
Melee: Rapier            ||    46
Armor: Scale mail        ||    35
Dodge: Dodged            ||    17
Block: Kite shield       ||    33
